[Event "GER-ch Youth-U12 2022"]
[Site "Willingen"]
[Date "2022.06.05"]
[Round "1.1"]
[White "Neuhoff, Laertes"]
[Black "Pimenov, Danil"]
[Result "1-0"]
[ECO "B33"]
[WhiteElo "1990"]
[BlackElo "1337"]
[Annotator "TA"]
[PlyCount "89"]
[EventDate "2022.06.05"]
[EventType "swiss"]
[EventRounds "9"]
[EventCountry "GER"]
[SourceTitle "playchess.com"]
[Source "ChessBase"]
[SourceQuality "1"]
[TimeControl "40/4500+30:900+30"]

1. e4 c5 2. Nf3 Nc6 3. d4 cxd4 4. Nxd4 Nf6 5. Nc3 e5 6. Ndb5 d6 7. Bg5 a6 8. Na3 b5 9. Bxf6 gxf6 10. Nd5 Bg7 11. Bd3 Ne7 12. Nxe7 Qxe7 13. O-O O-O 14. c4 f5 15. Qf3 (15. exf5 e4 16. Qe2 b4) 15... bxc4 (15... d5 16. cxd5 fxe4 17. Bxe4 (17. Qxe4 f5) 17... Rb8) 16. Nxc4 d5 17. exd5 e4 18. Qe3 Bb7 19. d6 {[%emt 0:07:33] B33: Sicilian: Pelikan and Sveshnikov Variations.} Qe6 20. Be2 Rac8 21. Rad1 {[%emt 0:06:57] White is more active. White is clearly better.} Rxc4 (21... Rcd8 $16 {was necessary.} 22. Qa7 Bc8) 22. Bxc4 $2 (22. d7 $18 Rcc8 23. dxc8=N Bxc8 24. b3) 22... Qxc4 $11 23. Qg5 {[%emt 0:07:07] [#] d7 is the strong threat.} Qe6 $146 {[%emt 0:01:45] Strongly threatening ...h6.} (23... Qxa2 $2 24. d7 f6 25. Qg3 $18) ({Predecessor:} 23... h6 24. Qe7 Qb4 25. a3 Qb6 26. d7 Rd8 27. Qe8+ Bf8 28. Rc1 e3 29. Rc3 f4 {0-1 (36) Niemi,K (2247)-Caruana,F (2255) Budapest 2005}) 24. d7 {[%emt 0:01:27][%mdl 1024] White has compensation.} h6 25. Qf4 Bf6 {[%emt 0:01:42] [#]} (25... Be5 $11 26. Qh4 Bf6 27. Qg3+ (27. Qxh6 Rd8 $15) 27... Kh7) 26. Qg3+ (26. Qxh6 Rd8) (26. Rd6 Qe7 27. Rfd1) ({Much weaker is} 26. Qxh6 Rd8 $15) (26. Rd6 $1 $16 Qe7 27. Rfd1) 26... Kh7 $1 {[%emt 0:01:37] Threatens to win with ...Bd5.} 27. Rd6 Qe7 {[%emt 0:00:31] And now ...Be5 would win.} 28. Qf4 $36 {[%emt 0:03:52][%mdl 2048] White has some pressure.} Kg6 $2 (28... Kg7 $11) 29. Rfd1 $18 Rd8 30. h4 {[%emt 0:01:14] Black must now prevent Rb6.} Kg7 31. Qxf5 (31. Rb6 $18) 31... Qe5 $2 {[%emt 0:00:25] [#]} (31... Bxh4 $11 {and Black is okay.} 32. Rb6 Ba8) 32. Qxe5 $1 {[%emt 0:03:18] The board is on fire.} Bxe5 33. Rb6 Bc8 (33... Ba8 {is a better defense.} 34. Rxa6 e3) 34. Rd5 f6 (34... Bf4 $142 35. g3 (35. dxc8=B Rxd5 36. g3 Be5 $14) 35... e3 36. gxf4 e2) 35. dxc8=Q Rxc8 {[%emt 0:00:09][%mdl 4096] Endgame KRR-KRB} 36. Rd1 {[%emt 0:00:39] Against Rc1} Rc2 37. h5 {[%emt 0:00:19] aiming for Rb7+.} f5 38. Rxa6 {[%emt 0:00:41] Threatening mate with Rd7+.} Rxb2 39. Rd7+ Kf8 40. Ra8+ Bb8 41. Rd8+ Ke7 42. Rdxb8 {[%emt 0:00:11] White mates.} Rc2 43. Ra6 Kd7 44. Rb7+ Kc8 45. Rh7 {[%emt 0:00:50] Weighted Error Value: White=0.30/Black=1.20} (45. Rf7 $142 Kb8 46. Rxh6 Rc8 47. Rb6+ Ka8 48. Rxf5 Ka7 49. Rg6 Rc7 50. h6) 1-0

[Event "GER-ch Youth-U12 2022"]
[Site "Willingen"]
[Date "2022.06.05"]
[Round "1.2"]
[White "Gulamzada, Elmir"]
[Black "Nechitailo, Nikita"]
[Result "0-1"]
[ECO "B35"]
[WhiteElo "1539"]
[BlackElo "1371"]
[Annotator "NA RC COMBH"]
[PlyCount "116"]
[EventDate "2022.06.05"]
[EventType "swiss"]
[EventRounds "9"]
[EventCountry "GER"]
[SourceTitle "playchess.com"]
[Source "ChessBase"]
[SourceQuality "1"]
[TimeControl "40/4500+30:900+30"]

1. e4 c5 2. Nf3 Nc6 3. d4 cxd4 4. Nxd4 g6 5. Nc3 Bg7 6. Be3 Nf6 7. Bc4 Qa5 8. f3 Qb4 9. Bb3 Nxe4 10. fxe4 Bxd4 11. Bxd4 Nxd4 12. O-O O-O 13. Nd5 Qc5 14. Kh1 Nxb3 15. cxb3 b6 16. Rc1 Qd6 17. Nf6+ Kg7 18. Qxd6 exd6 19. Rcd1 Ba6 20. Rf2 Rac8 21. Nxd7 Rfe8 22. h3 Rxe4 23. Rxd6 Rd8 24. Rfd2 Re2 25. Rxe2 Bxe2 26. Rd5 Rc8 27. Rd2 Bb5 28. Ne5 f6 29. Nc4 Kf8 30. Rd4 Ke7 31. Kh2 Bc6 32. Rd2 b5 33. Ne3 Ke6 34. Re2 f5 35. Nc2+ Kf6 36. Nd4 Bd7 37. h4 Rc5 38. g3 Rd5 39. Nf3 Rd1 40. Ne5 Be6 41. Nf3 Bd5 42. Ng1 Ra1 43. Rd2 Ke6 44. a3 Bxb3 45. Re2+ Kf6 46. Rd2 Rd1 47. Re2 Rc1 48. Nf3 Bd1 49. Rf2 Bxf3 50. Rxf3 Rc2+ 51. Kh3 Rxb2 52. Rc3 a5 53. Rc5 a4 54. Rc6+ Ke5 55. h5 gxh5 56. Rc5+ Ke4 57. Kh4 f4 58. gxf4 Kxf4 0-1

[Event "GER-ch Youth-U12 2022"]
[Site "Willingen"]
[Date "2022.06.05"]
[Round "1.3"]
[White "Korchynskyi, Mykola"]
[Black "Nguyen, Bach Khoi"]
[Result "1-0"]
[ECO "D31"]
[WhiteElo "1723"]
[BlackElo "1261"]
[Annotator "NA RC COMBH"]
[PlyCount "59"]
[EventDate "2022.06.05"]
[EventType "swiss"]
[EventRounds "9"]
[EventCountry "GER"]
[SourceTitle "playchess.com"]
[Source "ChessBase"]
[SourceQuality "1"]
[TimeControl "40/4500+30:900+30"]

1. d4 d5 2. c4 e6 3. Nc3 c6 4. Bf4 dxc4 5. a4 Bb4 6. e3 b5 7. axb5 cxb5 8. Qf3 Qd5 9. Qg3 Qf5 10. Qxg7 f6 11. Qxh8 Kf7 12. g4 Qc2 13. Nge2 Bf8 14. Rc1 Qg6 15. h4 Bg7 16. h5 Qd3 17. Qxg7+ Kxg7 18. Ng3 Qxc3+ 19. Rxc3 Bb7 20. Rg1 Ne7 21. Bxb8 Rxb8 22. Bg2 Bxg2 23. Rxg2 Nd5 24. Ra3 Ra8 25. Ra6 Kf7 26. Ne4 Nb4 27. Ra5 Nd3+ 28. Kd2 b4 29. Nd6+ Ke7 30. Nxc4 1-0

[Event "GER-ch Youth-U12 2022"]
[Site "Willingen"]
[Date "2022.06.05"]
[Round "1.4"]
[White "Kullmann, Max"]
[Black "Gloeckler, Christian"]
[Result "0-1"]
[ECO "E70"]
[WhiteElo "1442"]
[BlackElo "1869"]
[Annotator "NA RC COMBH"]
[PlyCount "75"]
[EventDate "2022.06.05"]
[EventType "swiss"]
[EventRounds "9"]
[EventCountry "GER"]
[SourceTitle "playchess.com"]
[Source "ChessBase"]
[SourceQuality "1"]
[TimeControl "40/4500+30:900+30"]

1. d4 Nf6 2. c4 g6 3. Nc3 Bg7 4. e4 d6 5. Nge2 O-O 6. g3 e5 7. d5 Ne8 8. Bg2 f5 9. O-O a5 10. a3 Na6 11. Be3 b6 12. Qc2 Bd7 13. Rab1 Nf6 14. b4 axb4 (14... f4 $5 15. gxf4 Ng4 $14) 15. axb4 Ng4 16. Nb5 f4 17. gxf4 exf4 18. Bxf4 Rxf4 19. Nxf4 Be5 20. Nh3 Nxh2 21. f4 Nxf1 22. fxe5 Ne3 23. Qe2 Nxg2 24. e6 {[%emt 0:04:02] [#]} Nh4 $1 25. exd7 Qxd7 $11 26. Ng5 Re8 27. Ne6 g5 28. Qh5 c5 29. Rf1 Ng6 30. Nxg5 Re5 31. Qxh7+ Qxh7 32. Nxh7 Kxh7 33. bxc5 Nxc5 34. Nxd6 Nxe4 35. Nf7 Re7 36. Nd8 Nd2 37. Rc1 Nf4 38. Rc2 0-1

[Event "GER-ch Youth-U12 2022"]
[Site "Willingen"]
[Date "2022.06.05"]
[Round "1.5"]
[White "Zhuikov, Edgard"]
[Black "Büchel, David"]
[Result "1-0"]
[ECO "B21"]
[WhiteElo "1892"]
[BlackElo "1527"]
[Annotator "NA RC COMBH"]
[PlyCount "71"]
[EventDate "2022.06.05"]
[EventType "swiss"]
[EventRounds "9"]
[EventCountry "GER"]
[SourceTitle "playchess.com"]
[Source "ChessBase"]
[SourceQuality "1"]
[TimeControl "40/4500+30:900+30"]

1. e4 c5 2. d4 cxd4 3. c3 dxc3 4. Nxc3 Nc6 5. Nf3 d6 6. Bc4 a6 7. O-O Nf6 8. h3 e6 9. Qe2 Be7 10. Rd1 Qc7 11. Bf4 O-O 12. Rac1 Rd8 13. Bb3 Kf8 14. Re1 Re8 15. Qd3 h6 16. Red1 Rd8 17. Re1 Bd7 $16 {[%emt 0:02:33] [#]} (17... Qa5 $15) 18. Nd5 $1 exd5 19. exd5 Be8 20. dxc6 bxc6 21. Nd4 Ng8 22. Qf3 c5 23. Ne6+ fxe6 24. Bxd6+ Nf6 25. Bxc7 Rdc8 26. Bxe6 Rxc7 27. Qxa8 Rc6 28. Bf5 Rb6 29. Bg6 Rxb2 30. Bxe8 Nxe8 31. Rxe7 Kxe7 32. Re1+ Kd6 33. Qxe8 c4 34. Qe5+ Kc6 35. Qxb2 g5 36. Re5 1-0

[Event "GER-ch Youth-U12 2022"]
[Site "Willingen"]
[Date "2022.06.05"]
[Round "1.6"]
[White "Mohammadzadeh, Daris"]
[Black "Malinowsky, Levi"]
[Result "0-1"]
[ECO "B42"]
[WhiteElo "1371"]
[BlackElo "1816"]
[Annotator "NA RC COMBH"]
[PlyCount "73"]
[EventDate "2022.06.05"]
[EventType "swiss"]
[EventRounds "9"]
[EventCountry "GER"]
[SourceTitle "playchess.com"]
[Source "ChessBase"]
[SourceQuality "1"]
[TimeControl "40/4500+30:900+30"]

1. e4 c5 2. Nf3 e6 3. d4 cxd4 4. Nxd4 a6 5. Bd3 Qc7 6. O-O Nf6 7. c4 b6 8. Nc3 Bb7 9. Qe2 d6 10. b3 b5 11. Bb2 bxc4 12. Bxc4 Nbd7 13. Rac1 Qa5 {[%emt 0:04:15] [#]} 14. Kh1 (14. Nd5 $1 $18 ) 14... Ne5 15. f4 Nxc4 16. Qxc4 Rc8 17. Qe2 Be7 18. e5 dxe5 19. fxe5 Nd7 20. Qg4 $15 g6 21. Qf4 O-O 22. Rfe1 Nb6 23. Qh6 Rfd8 24. Nf3 Bf8 25. Qh4 Bxf3 26. gxf3 Nd5 27. Qa4 Qxa4 28. Nxa4 Bh6 29. Rxc8 Rxc8 30. Re2 Bf4 31. Kg2 Kg7 32. Re4 g5 33. h4 Rc2+ 34. Kg1 gxh4 35. Nc3 Bh2+ 36. Kh1 Rxb2 37. Ra4 0-1

[Event "GER-ch Youth-U12 2022"]
[Site "Willingen"]
[Date "2022.06.05"]
[Round "1.8"]
[White "Freude, Paul"]
[Black "Schuricht, Emil Frederick"]
[Result "1-0"]
[ECO "B13"]
[WhiteElo "1415"]
[BlackElo "1641"]
[Annotator "NA RC COMBH"]
[PlyCount "43"]
[EventDate "2022.06.05"]
[EventType "swiss"]
[EventRounds "9"]
[EventCountry "GER"]
[SourceTitle "playchess.com"]
[Source "ChessBase"]
[SourceQuality "1"]
[TimeControl "40/4500+30:900+30"]

1. e4 c6 2. d4 d5 3. exd5 cxd5 4. Bd3 Nc6 5. c3 Nf6 6. h3 g6 7. Bf4 Bf5 8. Nf3 Qb6 9. Bxf5 Qxb2 10. Bd3 Qxa1 11. Qc2 Rc8 12. O-O Nb4 13. Qa4+ Nc6 14. Qb3 Ne4 15. Bxe4 dxe4 16. Ng5 Nd8 17. Nxe4 f5 18. Nc5 b6 19. Na4 Bg7 20. Bc1 Bxd4 21. Bb2 Bxf2+ 22. Kxf2 1-0

[Event "GER-ch Youth-U12 2022"]
[Site "Willingen"]
[Date "2022.06.05"]
[Round "1.9"]
[White "Nemitz, Alfred"]
[Black "Haertel, Leon"]
[Result "1-0"]
[ECO "D36"]
[WhiteElo "1611"]
[BlackElo "1536"]
[Annotator "NA RC COMBH"]
[PlyCount "97"]
[EventDate "2022.06.05"]
[EventType "swiss"]
[EventRounds "9"]
[EventCountry "GER"]
[SourceTitle "playchess.com"]
[Source "ChessBase"]
[SourceQuality "1"]
[TimeControl "40/4500+30:900+30"]

1. d4 d5 2. c4 e6 3. Nc3 Nf6 4. cxd5 exd5 5. Bg5 c6 6. Qc2 Be7 7. e3 Nbd7 8. Bd3 O-O 9. Nf3 Re8 10. O-O Nf8 11. Rab1 Bg4 12. Ne5 Bh5 13. b4 a6 14. a4 Bd6 15. Bf4 Ng6 16. Nxg6 Bxg6 17. Bxd6 Qxd6 18. h3 b5 19. Rfc1 Qd7 20. Bxg6 hxg6 21. Ne2 Rec8 22. Nf4 Ne8 23. Nd3 Nd6 24. Ne5 Qb7 25. Nd3 Nc4 26. Nc5 Qc7 27. Ra1 Qb6 28. Qc3 Kh7 29. axb5 axb5 30. e4 dxe4 31. Nxe4 Rd8 32. Ng5+ Kg8 33. Qf3 Qc7 34. Rxa8 Rxa8 35. d5 Qe7 36. h4 cxd5 37. Qxd5 Rb8 38. Kf1 Qf6 39. Re1 Qf5 40. Qxf5 gxf5 41. Re7 Nd6 42. Rd7 f6 43. Ne6 Ne8 44. Nd4 g6 45. Rd5 Nc7 46. Rd6 Ne8 47. Rd7 Kh8 48. Nc6 Ng7 49. Nxb8 1-0

[Event "GER-ch Youth-U12 2022"]
[Site "Willingen"]
[Date "2022.06.05"]
[Round "1.11"]
[White "Buchinger, Alexis"]
[Black "Radeke, Timothy"]
[Result "1-0"]
[ECO "C54"]
[WhiteElo "1676"]
[BlackElo "1129"]
[Annotator "NA RC COMBH"]
[PlyCount "57"]
[EventDate "2022.06.05"]
[EventType "swiss"]
[EventRounds "9"]
[EventCountry "GER"]
[SourceTitle "playchess.com"]
[Source "ChessBase"]
[SourceQuality "1"]
[TimeControl "40/4500+30:900+30"]

1. e4 e5 2. Nf3 Nc6 3. Bc4 Bc5 4. d3 d6 5. c3 Nf6 6. a4 a5 7. O-O O-O 8. Re1 Be6 9. Nbd2 Ng4 10. Re2 Qf6 11. h3 Nh6 12. Bxe6 fxe6 13. Nf1 Qg6 14. Kh1 d5 15. Be3 dxe4 16. Nh4 Qh5 17. Bxc5 Qxh4 18. Bxf8 Rxf8 19. dxe4 Ng4 20. Kg1 Nf6 21. Ng3 Ne7 22. Qb3 Ng6 23. Qxe6+ Kh8 24. Nf5 Qg5 25. h4 Qh5 26. Re3 Nf4 27. Qxe5 Qg4 28. Ng3 Re8 29. Qg5 1-0

[Event "GER-ch Youth-U12 2022"]
[Site "Willingen"]
[Date "2022.06.05"]
[Round "1.12"]
[White "Agirretxe San Sebastian, Jesus M"]
[Black "Stichter, Constantin Paul"]
[Result "0-1"]
[ECO "E35"]
[WhiteElo "2117"]
[BlackElo "1472"]
[Annotator "TA"]
[PlyCount "66"]
[EventDate "2022.06.05"]
[EventType "swiss"]
[EventRounds "9"]
[EventCountry "GER"]
[SourceTitle "playchess.com"]
[Source "ChessBase"]
[SourceQuality "1"]
[TimeControl "40/4500+30:900+30"]

1. d4 d5 2. c4 e6 3. Nc3 Nf6 4. cxd5 exd5 5. Bg5 c6 6. e3 Bb4 7. Qc2 h6 {[%emt 0:00:00] is now debated instead of 7...Nbd7. E35: Nimzo-Indian: Classical: 4...d5 5 cxd5 exd5.} 8. Bh4 Be6 9. Bd3 Nbd7 {[%emt 0:00:00] White is slightly better.} 10. Nge2 Rc8 11. O-O {[%emt 0:00:00] [#]} Bd6 $146 (11... Be7 12. Rad1 Nb6 13. f3 O-O 14. Kh1 Nh5 15. Bf2 f5 16. Rde1 Bd6 17. Ng3 Nxg3+ 18. Bxg3 Bxg3 19. hxg3) (11... O-O $14) ({Predecessor:} 11... Be7 12. Rad1 Nb6 13. f3 O-O 14. Kh1 Nh5 15. Bf2 f5 16. Rde1 Bd6 17. Ng3 Nxg3+ 18. Bxg3 Bxg3 19. hxg3 {0-1 (33) Sundararajan,K (2484)-Kholmov,R (2430) Olomouc 2005}) 12. Bg3 (12. f4 Bg4 13. Ng3) ({White should try} 12. f4 $1 $16 {[%cal Rf4f5] And now f5 would win.} Bg4 13. Ng3) 12... Bxg3 $11 13. Nxg3 c5 14. dxc5 Rxc5 15. Bf5 O-O 16. Rad1 Qc7 17. Qb3 d4 18. Bxe6 dxc3 19. Bxd7 c2 {[%emt 0:00:09] [#]} (19... Nxd7 20. bxc3 Nf6) 20. Rc1 Nxd7 (20... Qxd7 21. Rxc2) 21. Ne4 $1 Rh5 22. h3 Rc8 23. Nc3 Ne5 {[%emt 0:00:12][%cal Oe5f3] ( -> ...Nf3+!)} 24. f4 (24. Nd5 $1 $16 Qc5 25. e4) 24... Nc4 $14 25. Qxc2 $2 (25. Rfe1 $14 {keeps the upper hand.}) 25... Nxe3 $17 26. Qe2 Nxf1 {[%emt 0:01:37] Black is more active.} 27. Qxh5 {[%emt 0:01:42] [#]} Nd2 (27... Qb6+ $1 $17 28. Kxf1 Qxb2) 28. Qg4 Qb6+ 29. Kh2 {[%emt 0:00:25] [#]} Rd8 ({Black should play} 29... Rc6 $1 $17 30. Rd1 Qxb2) 30. Ne2 Qxb2 31. Rc7 $2 (31. Rc8 $11 Qb6 32. Ng3) 31... Nf1+ $19 32. Kh1 {[%emt 0:00:39] [#]} Qxe2 $3 33. Qf5 (33. Rc8 $19 Qe8 34. Rxd8 Qxd8 35. Qf3) (33. Qxe2 Ng3+) 33... Ng3+ {[%emt 0:00:03] Weighted Error Value: White=0.71/Black=0.35} 0-1

[Event "GER-ch Youth-U12 2022"]
[Site "Willingen"]
[Date "2022.06.05"]
[Round "1.13"]
[White "Polzin, Gustav"]
[Black "Riechenberg, Sebastian"]
[Result "0-1"]
[ECO "C50"]
[WhiteElo "1643"]
[BlackElo "1668"]
[Annotator "NA RC COMBH"]
[PlyCount "170"]
[EventDate "2022.06.05"]
[EventType "swiss"]
[EventRounds "9"]
[EventCountry "GER"]
[SourceTitle "playchess.com"]
[Source "ChessBase"]
[SourceQuality "1"]
[TimeControl "40/4500+30:900+30"]

1. e4 e5 2. Nf3 Nc6 3. Bc4 Nf6 4. d3 Bc5 5. Nc3 a6 6. Bg5 h6 7. Bh4 d6 8. Nd5 g5 9. Nxg5 Nxd5 10. Qh5 hxg5 11. Qxh8+ Kd7 12. Qg7 gxh4 13. Qxf7+ Qe7 14. Bxd5 Qxf7 15. Bxf7 Ke7 16. Bh5 Be6 17. c3 Kf6 18. Ke2 Rf8 19. h3 Ne7 20. f4 Rg8 21. fxe5+ dxe5 22. Raf1+ Kg7 23. Bf3 Ng6 24. Rd1 Nf4+ 25. Kf1 Rd8 26. Be2 Bxa2 27. b4 Bb6 28. c4 Bb3 29. Rc1 Be3 30. Rc3 Ba4 31. b5 Bd2 32. Ra3 axb5 33. cxb5 Bxb5 34. Rb3 c6 35. Rh2 Ra8 36. Kf2 Ra1 37. Bf1 Ba5 38. Rh1 Ra2+ 39. Kf3 Ba4 40. Rxb7+ Kg6 41. Kg4 Bd1+ 42. Kxh4 Bd8+ 43. Kg3 Nh5+ 44. Kh2 Bh4 45. d4 Bg3+ 46. Kg1 Nf4 47. Rb1 Bc2 48. Rb8 Nh5 49. Rg8+ Kf6 50. dxe5+ Ke7 51. Rg5 Bd1 52. Rf5 Ra1 53. e6 Nf4 54. Rxf4 Bxf4 55. h4 Be2 56. Kf2 Bxf1 57. Rxf1 Bg3+ 58. Ke2 Rxf1 59. Kxf1 Bxh4 60. Ke2 Kxe6 61. Kd3 Ke5 62. g4 Bf2 63. g5 c5 64. Kc4 Bd4 65. Kd3 Kf4 66. Kc4 Kxg5 67. e5 Kg6 68. Kd5 Kf7 69. e6+ Ke7 70. Kc4 Kxe6 71. Kd3 Kd5 72. Kc2 Be5 73. Kd2 Kd4 74. Kc2 c4 75. Kd2 Bf4+ 76. Kc2 c3 77. Kd1 Kd3 78. Ke1 c2 79. Kf2 c1=Q 80. Kf3 Bh6 81. Kg2 Qe3 82. Kf1 Qd2 83. Kg1 Ke3 84. Kh1 Kf3 85. Kg1 Qg2# 0-1

[Event "GER-ch Youth-U12 2022"]
[Site "Willingen"]
[Date "2022.06.05"]
[Round "1.14"]
[White "Dell, Philip"]
[Black "Wartenberg, Alexander"]
[Result "0-1"]
[ECO "A00"]
[WhiteElo "1457"]
[BlackElo "1682"]
[Annotator "NA RC COMBH"]
[PlyCount "64"]
[EventDate "2022.06.05"]
[EventType "swiss"]
[EventRounds "9"]
[EventCountry "GER"]
[SourceTitle "playchess.com"]
[Source "ChessBase"]
[SourceQuality "1"]
[TimeControl "40/4500+30:900+30"]

1. b4 e5 2. Bb2 Bxb4 3. Bxe5 Nf6 4. Nf3 O-O 5. e3 d6 6. Bb2 d5 7. Be2 Nc6 8. O-O Bg4 9. d4 Ne4 10. Nbd2 f5 11. Nxe4 fxe4 12. Nd2 Be6 13. c4 Qg5 14. Nxe4 dxe4 15. d5 Bh3 16. g3 Bxf1 17. Bxf1 Ne5 18. Be2 Nf3+ 19. Bxf3 exf3 20. h3 Bd6 21. Kh2 Be5 22. Qc2 Bxb2 23. Qxb2 Qf6 24. Qc1 c6 25. Rb1 b6 26. Qd2 Qf5 27. Rd1 cxd5 28. cxd5 Rac8 29. Qd4 Rc2 30. e4 Qc8 31. Qd3 Rxf2+ 32. Kg1 Rg2+ 0-1

[Event "GER-ch Youth-U12 2022"]
[Site "Willingen"]
[Date "2022.06.05"]
[Round "1.15"]
[White "Lu, Yunong Elias"]
[Black "Wang, Arthur D"]
[Result "1-0"]
[ECO "C63"]
[WhiteElo "1671"]
[BlackElo "2090"]
[Annotator "TA"]
[PlyCount "115"]
[EventDate "2022.06.05"]
[EventType "swiss"]
[EventRounds "9"]
[EventCountry "GER"]
[SourceTitle "playchess.com"]
[Source "ChessBase"]
[SourceQuality "1"]
[TimeControl "40/4500+30:900+30"]

1. e4 e5 2. Nf3 Nc6 3. Bb5 f5 4. d3 fxe4 5. dxe4 d6 6. h3 {[%emt 0:00:00] C63: Ruy Lopez: Schliemann/Jaenisch Defence.} (6. Ng5 {keeps more tension.} Be7 7. h4 Bxg5 8. Qh5+) 6... Nf6 7. Nbd2 Be7 8. c3 {[%emt 0:00:00] The position is equal.} O-O 9. O-O h6 10. Re1 a6 11. Ba4 {[%emt 0:01:11] [#]} b5 $146 ({Predecessor:} 11... Nd7 12. Nf1 Nc5 13. Bc2 a5 14. Ne3 g6 15. Nd5 Kg7 16. Be3 Ne6 17. Qd2 g5 {0-1 (83) Martinez Villar,F-Adell Corts,F (2155) Cullera 1995}) 12. Bc2 Qe8 13. Nf1 Nh5 14. a4 Qg6 15. Kh1 Bd7 (15... Be6 $11) 16. axb5 $1 $16 axb5 17. Rxa8 Rxa8 {[%emt 0:00:13] [#]} 18. Be3 (18. Nxe5 $1 $16 dxe5 (18... Nxe5 19. Qd5+) 19. Qxd7) 18... Rf8 19. N1h2 Nd8 $2 (19... Qe8 $11) 20. Nxe5 $1 $18 dxe5 21. Qxd7 Bg5 22. Bxg5 (22. Qxc7 Bxe3 23. fxe3 Qg3 $16) 22... Qxg5 23. Nf3 Qf4 24. Bb3+ Kh8 25. Qxb5 Nf7 26. Bxf7 Qxf7 27. Qd5 ({Less strong is} 27. Nxe5 Qxf2 28. Ng6+ Kg8 $16) 27... Qf6 28. Nxe5 {[%emt 0:02:57] Black must now prevent Ng4.} Nf4 29. Qb5 ({White should try} 29. Qd4 $18) 29... Qg5 $2 (29... Nxg2 $1 $11 {and Black has nothing to worry.} 30. Ng4 Qf3) 30. g3 Nxh3 {[%emt 0:00:54] [#]} (30... Ng6 $142 31. Nxg6+ Qxg6) 31. Nf7+ $1 Rxf7 32. Qe8+ Kh7 33. Qxf7 {[%emt 0:00:00][%mdl 4096] Endgame KQR-KQN} Qd2 34. Rf1 {[%emt 0:00:00] Qf5+ is the strong threat.} Ng5 35. Qf5+ g6 36. Qf4 Qd7 37. Ra1 Ne6 38. Qg4 h5 39. Rd1 Qf7 40. Qe2 Ng5 41. Rd5 Ne6 42. Kg2 Qf6 43. Rd7+ Kg8 44. Qb5 c6 45. Qb8+ Nf8 46. Rd8 {[%emt 0:00:10][%cal Og3g4] g4! would kill now.} Qf7 {[%emt 0:00:33] [#]} 47. Rxf8+ $1 {[%emt 0:00:12] White mates.} Qxf8 48. Qxf8+ Kxf8 {[%emt 0:00:02] KP-KP} 49. g4 Ke7 50. gxh5 gxh5 51. Kg3 Kf6 52. f4 Kg6 53. Kh4 c5 54. b4 cxb4 55. cxb4 Kf6 56. Kxh5 Ke6 57. Kg6 Kd6 58. f5 {[%emt 0:00:15] Weighted Error Value: White=0.38/Black=0.73} 1-0

[Event "GER-ch Youth-U12 2022"]
[Site "Willingen"]
[Date "2022.06.05"]
[Round "1.16"]
[White "Mukazhanov, Mansur"]
[Black "Seth, Aakrit"]
[Result "0-1"]
[ECO "B34"]
[WhiteElo "1279"]
[BlackElo "1435"]
[Annotator "NA RC COMBH"]
[PlyCount "54"]
[EventDate "2022.06.05"]
[EventType "swiss"]
[EventRounds "9"]
[EventCountry "GER"]
[SourceTitle "playchess.com"]
[Source "ChessBase"]
[SourceQuality "1"]
[TimeControl "40/4500+30:900+30"]

1. e4 c5 2. Nf3 g6 3. d4 cxd4 4. Nxd4 Bg7 5. Be3 Nc6 6. Nc3 Nf6 7. f3 d5 8. Bb5 Bd7 9. exd5 Nb4 10. O-O Nbxd5 11. Bf2 Nxc3 12. bxc3 O-O 13. Rb1 a6 14. Be2 Nd5 15. Qd2 e5 16. Nb3 Bc6 17. Rfd1 Qc7 18. c4 Nf4 19. Bf1 Rfd8 20. Qb4 Rxd1 21. Rxd1 a5 22. Nxa5 Qxa5 23. Qxa5 Rxa5 24. Rd8+ Bf8 25. Bb6 Rxa2 26. Bc5 Ne6 27. Rxf8+ Nxf8 0-1

[Event "GER-ch Youth-U12 2022"]
[Site "Willingen"]
[Date "2022.06.05"]
[Round "1.19"]
[White "Skembris, Simon Max"]
[Black "Hellenbroich, Hanno"]
[Result "1-0"]
[ECO "B75"]
[WhiteElo "1413"]
[BlackElo "1274"]
[Annotator "NA RC COMBH"]
[PlyCount "65"]
[EventDate "2022.06.05"]
[EventType "swiss"]
[EventRounds "9"]
[EventCountry "GER"]
[SourceTitle "playchess.com"]
[Source "ChessBase"]
[SourceQuality "1"]
[TimeControl "40/4500+30:900+30"]

1. e4 c5 2. Nf3 d6 3. d4 cxd4 4. Nxd4 Nf6 5. Nc3 g6 6. Be3 Bg7 7. f3 Nc6 8. Qd2 Bd7 9. g4 Rc8 10. O-O-O Ne5 11. g5 Nh5 12. f4 Nc4 13. Bxc4 Rxc4 14. Nd5 e5 15. fxe5 dxe5 16. Nb3 Bg4 17. Qd3 Qc8 18. Rdf1 Nf4 19. Bxf4 exf4 20. Rxf4 f5 21. exf5 Rxf4 22. Nxf4 Bxf5 23. Re1+ Kf8 24. Qd6+ Kg8 25. Qd5+ Kf8 26. Ne6+ Bxe6 27. Rxe6 Qc7 28. a3 Qf4+ 29. Kb1 Qc7 30. Nc5 Bxb2 31. Kxb2 h5 32. Nd7+ Kg7 33. Re7# 1-0

[Event "GER-ch Youth-U12 2022"]
[Site "Willingen"]
[Date "2022.06.05"]
[Round "1.20"]
[White "Draude, Theo"]
[Black "Herrmann, Arthur"]
[Result "0-1"]
[ECO "B18"]
[WhiteElo "1397"]
[BlackElo "1507"]
[Annotator "NA RC COMBH"]
[PlyCount "82"]
[EventDate "2022.06.05"]
[EventType "swiss"]
[EventRounds "9"]
[EventCountry "GER"]
[SourceTitle "playchess.com"]
[Source "ChessBase"]
[SourceQuality "1"]
[TimeControl "40/4500+30:900+30"]

1. e4 c6 2. d4 d5 3. Nd2 dxe4 4. Nxe4 Bf5 5. Ng3 Bg6 6. Nf3 Nd7 7. Bd3 Bxd3 8. Qxd3 e6 9. c4 Ngf6 10. O-O Be7 11. a3 a5 12. Qb3 Qc7 13. Be3 a4 14. Qc2 O-O 15. Rad1 Rfd8 16. Ne2 Bd6 17. Qd2 e5 18. d5 e4 19. Nfd4 Bxh2+ 20. Kh1 Be5 21. Nf5 cxd5 22. cxd5 Qa5 23. Nc3 Nc5 24. Bxc5 Qxc5 25. Nxg7 e3 26. Ne6 fxe6 27. fxe3 exd5 28. e4 Qe7 29. Qg5+ Kh8 30. Rf5 Bxc3 31. bxc3 Ng8 32. Qh5 Rf8 33. Rfxd5 Nf6 34. Qh3 Nxd5 35. Rxd5 Rad8 36. Rh5 Qd7 37. Qh4 Qg7 38. Rf5 Rd1+ 39. Kh2 Rxf5 40. exf5 Qe5+ 41. g3 Qe2+ 0-1

[Event "GER-ch Youth-U12 2022"]
[Site "Willingen"]
[Date "2022.06.05"]
[Round "1.21"]
[White "Uyar, Levin"]
[Black "Aweh, Mads"]
[Result "1/2-1/2"]
[ECO "B33"]
[WhiteElo "1306"]
[BlackElo "1438"]
[Annotator "NA RC COMBH"]
[PlyCount "68"]
[EventDate "2022.06.05"]
[EventType "swiss"]
[EventRounds "9"]
[EventCountry "GER"]
[SourceTitle "playchess.com"]
[Source "ChessBase"]
[SourceQuality "1"]
[TimeControl "40/4500+30:900+30"]

1. e4 c5 2. Nf3 Nc6 3. d4 cxd4 4. Nxd4 Nf6 5. Nc3 e5 6. Ndb5 d6 7. Bg5 a6 8. Na3 b5 9. Nd5 Be7 10. Bxf6 Bxf6 11. c3 Bg5 12. Be2 O-O 13. O-O Be6 14. Nc2 f5 15. Bf3 Rc8 16. Nce3 Bxe3 17. Nxe3 fxe4 18. Bxe4 Ne7 19. Qc2 h6 20. Rfd1 d5 21. Qb3 Qb6 22. Bxd5 Nxd5 23. Rxd5 Bxd5 24. Qxd5+ Kh8 25. Qxe5 Rce8 26. Qd4 Qxd4 27. cxd4 Re4 28. Rd1 Rff4 29. g3 Rf8 30. d5 g6 31. Kg2 Kg7 32. Rc1 Rf7 33. b3 Rd4 34. Rc2 Kh7 1/2-1/2